[Event "*** Titled Tuesday Blitz"]
[Site "Chess.com"]
[Date "2019.07.02"]
[Round "2"]
[White "mbojan"]
[Black "RitvarsReimanis"]
[Result "1/2-1/2"]
[WhiteElo "2591"]
[BlackElo "2569"]
[TimeControl "180+2"]
[EndTime "13:31:16 PDT"]
[Termination "Game drawn by repetition"]

1. e4 c5 2. Nf3 Nc6 3. d4 cxd4 4. Nxd4 Nf6 5. Nc3 d6 6. Be2 e5 7. Nf3 Be7 8. O-O h6 9. Re1 Be6 10. Bf1 O-O 11. a3 Rc8 12. h3 Re8 13. Nd5 Bxd5 14. exd5 Nb8 15. c4 Nbd7 16. b4 a5 17. Bb2 Nb6 18.
Rc1 Nbd7 19. Qd2 b6 20. Bd3 Ra8 21. Bc3 axb4 22. axb4 Ra4 23. Qc2 Ra3 24. Bb2 Ra7 25. Ra1 Rxa1 26. Rxa1 Qc7 27. Nd2 b5 28. Ra6 bxc4 29.
Qxc4 Qxc4 30. Bxc4 Rb8 31. b5 Nb6 32. Ra7 Nxc4 33.
Nxc4 Nxd5 34. b6 Nxb6 35. Nxe5 dxe5 36. Rxe7 f6 37. Ba3 Nc4 38. Bc5 Rc8 39. Ba7 Nd6 40. Rd7 Rc6 41. g3 Kh7 42. Kg2 Kg6 43. Be3 Nf5 44.
Ba7 Ra6 45. Bc5 h5 46. h4 Nh6 47. Bf8 Nf7 48. Rc7 Ra8 49. Bc5 Nd8 50. Re7 Rc8 51.
Be3 Nc6 52. Rd7 Re8 53. Kf3 Ne7 54. Ke4 Nf5 55. Kf3 Rc8 56. Rd3 Rc4 57. Kg2 Rc2 58.
Ra3 Re2 59. Kf3 Rc2 60. Ba7 Nd6 61. Kg2 Kf5 62. Rf3+ Ke6 63. Ra3 Rc6 64. Bb8 Nb5 65. Rb3 Nd4 66. Rb7 g6 67. Ba7 Nf5 68. Rb2 Nd6 69.
Bb8 Nc4 70. Re2 Kf5 71. Ba7 Nd6 72. Be3 Ne4 73. Ra2 Nc3 74. Rc2 Ke4 75. Ba7 Kd3 76. Rb2 Rc7 77. Bb8 Rc6 78. Ba7 Nd5 79. Rb3+ Ke4 80. Rb2 Kf5 81. Bb8 Ke6 82. Ba7 Ra6 83. Bc5 Nc3 84. Bf8 Rc6 85. Bh6 Nd5 86. Ra2 f5 87. Bg5 e4 88. Rd2 Nf6 89. Bf4 Ng4 90. Kg1 Ne5 91. Bxe5 Kxe5 92. Kg2 Re6 93. Rd8 Ra6 94. Re8+ Kf6 95. Rf8+ Kg7 96. Re8 Ra2 97. Kg1 Kf7 98. Re5 Re2 99. Kf1 Rc2 100. Kg1 Rc6 101. Ra5 Rc3 102. Re5 Kf6 103. Re8 Rc7 104. Ra8 Re7 105. Ra3 Re6 106. Kf1 Rd6 107. Ke2 Rb6 108. Ke3 Rd6 109. Kf4 Re6 110. f3 exf3 111. Kxf3 Rb6 112. Rc3 Ke5 113. Re3+ Kd4 114. Re8 Kd5 115. Kf4 Rb4+ 116. Kf3 Rg4 117. Rf8 Ke6 118. Kf2 Ke7 119. Ra8 f4 120. gxf4 Rxh4 121. Kg3 Rg4+ 122. Kf3 Rg1 123. Ra6 Kf7 124. Ke4 h4 125.
Ra7+ Kf6 126. Rh7 Rh1 127. Kf3 Rf1+ 128. Kg4 Rg1+ 129. Kf3 Rf1+ 130. Kg4 Rg1+ 131. Kf3 Rg3+ 132. Kf2 Rh3 133. Kg2 Rg3+ 134. Kf2 Rh3 135. Kg2 Rg3+ 136. Kf2 1/2-1/2

[Event "*** Titled Tuesday Blitz"]
[Site "Chess.com"]
[Date "2019.07.02"]
[Round "3"]
[White "OglazaOskar2005"]
[Black "Mr_Penings"]
[Result "1-0"]
[WhiteElo "2269"]
[BlackElo "2461"]
[TimeControl "180+2"]
[EndTime "13:34:23 PDT"]
[Termination "OglazaOskar2005 won by resignation"]

1. e4 c5 2. Nf3 e6 3. d4 cxd4 4.
Nxd4 a6 5. Bd3 Qc7 6. Qe2 Bc5 7.
Nb3 Be7 8. O-O d6 9. f4 Nd7 10. Be3 Ngf6 11. N1d2 Ng4 12. Qxg4 g6 13. Qe2 h5 14.
Rae1 Nf6 15. h3 h4 16. f5 gxf5 17. exf5 e5 18. Ne4 Nh5 19. f6 Bf8 20. Bc4 1-0

[Event "*** Titled Tuesday Blitz"]
[Site "Chess.com"]
[Date "2019.07.02"]
[Round "3"]
[White "Gabix_94"]
[Black "Samantha_Ross"]
[Result "1-0"]
[WhiteElo "2681"]
[BlackElo "2011"]
[TimeControl "180+2"]
[EndTime "13:34:27 PDT"]
[Termination "Gabix_94 won by resignation"]

1. c4 c5 2. Nc3 b6 3. Nf3 Bb7 4.
e4 d6 5. d4 cxd4 6. Nxd4 Nf6 7.
Qe2 Nbd7 8. g3 a6 9. Bg2 Qc7 10. O-O e6 11. b3 Be7 12. Bb2 O-O 13. Rac1 Rac8 14. Rfd1 Rfe8 15. h3 Qb8 16. f4 Qa8 17. e5 dxe5 18. Bxb7 Qxb7 19. fxe5 Bc5 20. Kh2 Nxe5 21.
Qxe5 Nd7 22. Qe4 f5 23. Qxb7 1-0

[Event "*** Titled Tuesday Blitz"]
[Site "Chess.com"]
[Date "2019.07.02"]
[Round "3"]
[White "lionheart95"]
[Black "Mikhail_Golubev"]
[Result "1/2-1/2"]
[WhiteElo "2429"]
[BlackElo "2553"]
[TimeControl "180+2"]
[EndTime "13:35:13 PDT"]
[Termination "Game drawn by repetition"]

1. e4 c5 2. Nf3 d6 3. d4 cxd4 4. Nxd4 Nf6 5. Nc3 g6 6. Be3 Bg7 7. f3 Nc6 8. Bc4 O-O 9. Qd2 Bd7 10. h4 Ne5 11. Bb3 Rc8 12. O-O-O h5 13. Bg5 Nc4 14. Bxc4 Rxc4 15. Nde2 Qa5 16. Bh6 Bxh6 17. Qxh6 Rfc8 18. g4 Rxc3 19. Nxc3 Rxc3 20. bxc3 Qxc3 21. gxh5 Ba4 22. Rh2 Qa1+ 23. Kd2 Qd4+ 24. Kc1 Qa1+ 25. Kd2 Qd4+ 26. Kc1 Qa1+ 1/2-1/2

[Event "*** Titled Tuesday Blitz"]
[Site "Chess.com"]
[Date "2019.07.02"]
[Round "3"]
[White "Pluusje"]
[Black "Orest_Vovk"]
[Result "0-1"]
[WhiteElo "2230"]
[BlackElo "2316"]
[TimeControl "180+2"]
[EndTime "13:35:39 PDT"]
[Termination "Orest_Vovk won by resignation"]

1. e4 Nc6 2. Nc3 Nf6 3. Nf3 d5 4. exd5 Nxd5 5. Bc4 Be6 6. Nxd5 Bxd5 7. Bxd5 Qxd5 8.
O-O O-O-O 9. d3 e6 10. Be3 Bc5 11. Qd2 Bxe3 12. Qxe3 Nd4 13. Nxd4 Qxd4 14. Qxd4 Rxd4 15.
Rfe1 Rhd8 16. Re5 R8d5 17. Rae1 Rxe5 18. Rxe5 Rd5 19. Rxd5 exd5 20. f4 Kd7 21. Kf2 Ke6 22. d4 Kf5 23. Kf3 h5 24. g3 f6 25. h3 g5 26. g4+ hxg4+ 27. hxg4+ Ke6 28. f5+ Kd6 29. Ke3 c5 30. dxc5+ Kxc5 31. c3 Kc4 32. Kd2 d4 33. b3+ Kd5 34. c4+ Ke4 35. b4 Kf4 36. Kd3 Kxg4 37.
Kxd4 Kxf5 38. Kd5 g4 39. c5 0-1

[Event "*** Titled Tuesday Blitz"]
[Site "Chess.com"]
[Date "2019.07.02"]
[Round "3"]
[White "CalinGheorghiu"]
[Black "letsgoband"]
[Result "1-0"]
[WhiteElo "2288"]
[BlackElo "2269"]
[TimeControl "180+2"]
[EndTime "13:35:55 PDT"]
[Termination "CalinGheorghiu won by resignation"]

1. d4 d5 2. c4 c6 3. Nf3 Nf6 4. e3 a6 5. Qc2 Bg4 6. Ne5 Bh5 7. Nc3 Nbd7 8. h3 Nxe5 9. dxe5 Ne4 10. Nxe4 dxe4 11.
Bd2 Bg6 12. Bc3 e6 13. Be2 Qb6 14. O-O a5 15. Rfd1 Bc5 16. b3 O-O 17. Rd7 a4 18. b4 Bxb4 19. Rb1 c5 20. a3 Qc6 21.
Rd6 Qc7 22. axb4 cxb4 23. Bxb4 Rfc8 24. c5 f6 25. Bc4 fxe5 26. Bxe6+ Kh8 27. Bxc8 Rxc8 28.
Qxa4 Be8 29. Qa1 Bb5 30. Qxe5 Bd3 31. Rc1 h6 32. Rxh6+ 1-0

[Event "*** Titled Tuesday Blitz"]
[Site "Chess.com"]
[Date "2019.07.02"]
[Round "3"]
[White "ehrenfeld"]
[Black "Warerman"]
[Result "1-0"]
[WhiteElo "2558"]
[BlackElo "2428"]
[TimeControl "180+2"]
[EndTime "13:36:09 PDT"]
[Termination "ehrenfeld won by resignation"]

1. e4 c6 2. d4 d5 3. exd5 cxd5 4. Bd3 Nc6 5. c3 Qc7 6. Ne2 Bg4 7. O-O Nf6 8. Qe1 Bxe2 9. Qxe2 e6 10. f4 Bd6 11.
g3 g6 12. Nd2 O-O 13. Nf3 Rfe8 14. Bd2 Bf8 15. Rae1 Bg7 16. Ne5 Nd7 17. h4 f6 18.
Nxd7 Qxd7 19. h5 e5 20. fxe5 fxe5 21. hxg6 e4 22. gxh7+ Kxh7 23. Qh5+ Kg8 24. Be2 Rf8 25. Bg4 Qc7 26. Be6+ 1-0

[Event "*** Titled Tuesday Blitz"]
[Site "Chess.com"]
[Date "2019.07.02"]
[Round "3"]
[White "King_of_the_wing"]
[Black "pandamaster3000"]
[Result "0-1"]
[WhiteElo "2147"]
[BlackElo "2276"]
[TimeControl "180+2"]
[EndTime "13:36:11 PDT"]
[Termination "pandamaster3000 won by resignation"]

1. e4 c5 2. Nf3 d6 3. d4 cxd4 4.
Nxd4 Nf6 5. Nc3 a6 6. Bg5 Nbd7 7.
Bc4 e6 8. O-O b5 9. Bb3 Nc5 10. f4 Be7 11. Nc6 Qb6 12. Nxe7 Nxb3+ 13. Kh1 Nxa1 14. Nxc8 Rxc8 15. Qxa1 Rxc3 16. Bxf6 Rxc2 17. Bxg7 Rg8 18. b3 e5 19. Qd1 Rf2 20. Bf6 Rgxg2 21. Rxf2 Qxf2 0-1

[Event "*** Titled Tuesday Blitz"]
[Site "Chess.com"]
[Date "2019.07.02"]
[Round "3"]
[White "Gattass"]
[Black "SubrotaBiswas"]
[Result "0-1"]
[WhiteElo "2298"]
[BlackElo "2500"]
[TimeControl "180+2"]
[EndTime "13:36:29 PDT"]
[Termination "SubrotaBiswas won by resignation"]

1. d4 d5 2. c4 e6 3. Nf3 Nf6 4. Nc3 c5 5. cxd5 exd5 6. Bg5 c4 7. e4 dxe4 8. Ne5 Nc6 9. Bxc4 Be6 10. Bxe6 fxe6 11. Nxc6 bxc6 12. Nxe4 Bb4+ 13. Nc3 Qd5 14. Bxf6 Qxg2 15. Qh5+ g6 16. Qe5 Qxh1+ 17. Ke2 Qxa1 18. Qxe6+ Kf8 19. Ne4 Re8 20. Qxc6 Rxe4+ 21. Qxe4 Qe1+ 0-1

[Event "*** Titled Tuesday Blitz"]
[Site "Chess.com"]
[Date "2019.07.02"]
[Round "3"]
[White "IveBeenThroughPain"]
[Black "1g41-0"]
[Result "1-0"]
[WhiteElo "2320"]
[BlackElo "2475"]
[TimeControl "180+2"]
[EndTime "13:36:30 PDT"]
[Termination "IveBeenThroughPain won by resignation"]

1. d4 d5 2. c4 c6 3. Nf3 Nf6 4. e3 Bf5 5. Nc3 e6 6. Be2 Nbd7 7. Nh4 Bg6 8. O-O Bd6 9. Nxg6 hxg6 10. g3 Qe7 11.
Qc2 O-O-O 12. e4 dxe4 13. Nxe4 Nxe4 14. Qxe4 Nf6 15. Qg2 Kb8 16. Be3 c5 17. d5 exd5 18. cxd5 Be5 19. Bf3 Bxb2 20. Rab1 Be5 21. d6 Qxd6 22.
Rxb7+ Kc8 23. Rfb1 c4 24. Rxa7 c3 25. Bg4+ 1-0

[Event "*** Titled Tuesday Blitz"]
[Site "Chess.com"]
[Date "2019.07.02"]
[Round "3"]
[White "GeorgeTen"]
[Black "Nightlord1"]
[Result "0-1"]
[WhiteElo "2242"]
[BlackElo "2138"]
[TimeControl "180+2"]
[EndTime "13:36:39 PDT"]
[Termination "Nightlord1 won by resignation"]

1. d4 Nf6 2. c4 e5 3. dxe5 Ng4 4. e3 Nxe5 5. Nh3 Ng6 6. g3 Nc6 7. Bg2 Bc5 8. O-O O-O 9. Nc3 Re8 10. a3 a5 11. b3 d6 12. Bb2 Nce5 13. Nd5 Bg4 14.
f3 Bxh3 15. Bxh3 c6 16. b4 Ba7 17. Nc3 Nxc4 18. Kh1 Nxb2 19. Qb3 Nd3 20. Ne4 Nde5 21. Rad1 d5 22. f4 Nc4 23. Ng5 Nxe3 0-1

[Event "*** Titled Tuesday Blitz"]
[Site "Chess.com"]
[Date "2019.07.02"]
[Round "3"]
[White "Bagirova"]
[Black "warmoatmeal"]
[Result "1-0"]
[WhiteElo "1909"]
[BlackElo "1806"]
[TimeControl "180+2"]
[EndTime "13:36:58 PDT"]
[Termination "Bagirova won by checkmate"]

1. e4 c5 2. Nf3 e6 3. d4 cxd4 4.
Nxd4 a6 5. a4 Nf6 6. Nc3 Bb4 7.
Bd3 Nc6 8. Nxc6 dxc6 9. O-O e5 10. Bg5 h6 11. Bh4 Be7 12. Bg3 Qc7 13. Kh1 Nh5 14.
Qxh5 Bf6 15. f4 g6 16. Qf3 Be6 17. f5 gxf5 18. exf5 Bd7 19. Ne4 Be7 20. f6 Bf8 21.
Qh5 O-O-O 22. Bxe5 Qb6 23. Bg3 Be6 24. Qe5 h5 25. a5 Qxa5 26. Rxa5 Kd7 27. Nc5+ Bxc5 28. Rxc5 h4 29. Qd6+ Ke8 30. Qe7# 1-0

[Event "*** Titled Tuesday Blitz"]
[Site "Chess.com"]
[Date "2019.07.02"]
[Round "3"]
[White "KarstenHansch"]
[Black "PaulfromSPb"]
[Result "0-1"]
[WhiteElo "2425"]
[BlackElo "2621"]
[TimeControl "180+2"]
[EndTime "13:36:58 PDT"]
[Termination "PaulfromSPb won by resignation"]

1. e4 c5 2. Nf3 d6 3. d4 cxd4 4. Nxd4 Nf6 5. Nc3 a6 6. f3 e5 7.
Nb3 Be7 8. Be3 O-O 9. Qd2 Be6 10.
O-O-O a5 11. Bb5 Na6 12. g4 Nc7 13. Ba4 Qb8 14. Bb6 Ra6 15. Bxc7 Qxc7 16. g5 Nd7 17.
Bxd7 Qxd7 18. Nc5 dxc5 19. Qxd7 Bxg5+ 20. Kb1 Bxd7 21. Rxd7 Rb8 22. h4 Rh6 23. Rd5 b6 24. h5 Re8 25. Ne2 g6 26. Rd6 Rxh5 27. Rg1 Be3 28.
Rgd1 c4 29. Nc3 Bc5 30. Rc6 Rh3 31. Nd5 Kg7 32. Nc7 Re7 33. Rd8 Rh1+ 0-1

[Event "*** Titled Tuesday Blitz"]
[Site "Chess.com"]
[Date "2019.07.02"]
[Round "3"]
[White "Gogolev_Artemy"]
[Black "731291"]
[Result "0-1"]
[WhiteElo "2434"]
[BlackElo "2676"]
[TimeControl "180+2"]
[EndTime "13:37:03 PDT"]
[Termination "731291 won by resignation"]

1. Nf3 c5 2. c4 Nc6 3. d4 cxd4 4. Nxd4 e6 5. a3 Nf6 6. Nc3 Bc5 7. Nb3 Bb6 8. c5 Bc7 9. e4 O-O 10. Be3 d5 11.
cxd6 Bxd6 12. Be2 b6 13. O-O Bb7 14. Nd4 Nxd4 15. Qxd4 Qb8 16. h3 Bc5 17. Qd2 Rd8 18. Qc1 Nxe4 19. Nxe4 Bxe4 20. b4 Bd6 21. Ba6 Bh2+ 22.
Kh1 Be5 23. Ra2 Bb7 24. Qc4 Bd5 25. Qc2 Bxa2 26. Qxa2 Qd6 27. Qb3 Bf4 28. a4 Bxe3 29. Qxe3 Qxb4 0-1

[Event "*** Titled Tuesday Blitz"]
[Site "Chess.com"]
[Date "2019.07.02"]
[Round "3"]
[White "TenisMaster"]
[Black "Supernotar"]
[Result "1-0"]
[WhiteElo "2842"]
[BlackElo "2615"]
[TimeControl "180+2"]
[EndTime "13:37:05 PDT"]
[Termination "TenisMaster won by resignation"]

1. e4 c6 2. Nc3 d5 3. Nf3 Bg4 4. h3 Bxf3 5. Qxf3 e6 6. Qg3 Nf6 7. d3 Qb6 8. Be2 Nbd7 9. O-O g6 10. Kh1 Bg7 11. f4 O-O 12. f5 dxe4 13. dxe4 exf5 14. exf5 Rae8 15. Bc4 Ne5 16. Bb3 Nh5 17. Qh4 Bf6 18. Bg5 Qd8 19. Bxf6 Qxf6 20. Qxf6 Nxf6 21. fxg6 Kg7 22.
gxh7 Nxh7 23. Ne4 Ng6 24. Nd6 Re7 25. Nf5+ Kf6 26. Nxe7+ Kxe7 27. Rae1+ Kd6 28. Rxf7 Rh8 29. Re6+ 1-0

[Event "*** Titled Tuesday Blitz"]
[Site "Chess.com"]
[Date "2019.07.02"]
[Round "3"]
[White "Macron20hTF1"]
[Black "Er_is_geen_hoop_meer"]
[Result "0-1"]
[WhiteElo "2250"]
[BlackElo "2333"]
[TimeControl "180+2"]
[EndTime "13:37:05 PDT"]
[Termination "Er_is_geen_hoop_meer won by checkmate"]

1. f4 d6 2. Nf3 g6 3. g3 Bg7 4.
Bg2 Nf6 5. d3 O-O 6. O-O e5 7. e4 exf4 8. gxf4 d5 9. Nc3 Nc6 10.
Kh1 dxe4 11. dxe4 Qxd1 12. Rxd1 Ng4 13. Kg1 Nb4 14. Ne1 c5 15. a3 Bd4+ 16. Kf1 Nxh2+ 17. Ke2 Bg4+ 18. Nf3 Nxc2 19. Rb1 Rad8 20. Nd5 Rxd5 21. exd5 Re8+ 22. Kd3 Nxf3 23. Kxc2 Re2+ 24. Kb3 Rxg2 25. d6 b5 26. a4 Be6+ 27. Ka3 b4# 0-1

[Event "*** Titled Tuesday Blitz"]
[Site "Chess.com"]
[Date "2019.07.02"]
[Round "3"]
[White "Sanyura"]
[Black "johnathan113"]
[Result "0-1"]
[WhiteElo "2441"]
[BlackElo "2686"]
[TimeControl "180+2"]
[EndTime "13:37:09 PDT"]
[Termination "johnathan113 won by resignation"]

1. Nf3 Nf6 2. g3 g6 3. Bg2 Bg7 4. O-O O-O 5. d4 d6 6. b3 e5 7.
dxe5 dxe5 8. Ba3 Qxd1 9. Rxd1 Re8 10. c4 e4 11. Nd4 e3 12. fxe3 Ng4 13. Nc3 Nxe3 14.
Ncb5 Nxd1 15. Rxd1 Na6 16. c5 Rd8 17. e3 Bf8 18.
Rc1 c6 19. Nd6 Nxc5 20. Nxf7 Rxd4 21. exd4 Nd3 22. Rf1 Bxa3 23. d5 Bc5+ 0-1

[Event "*** Titled Tuesday Blitz"]
[Site "Chess.com"]
[Date "2019.07.02"]
[Round "3"]
[White "Rakesh"]
[Black "MarcoRiehle"]
[Result "0-1"]
[WhiteElo "2443"]
[BlackElo "2702"]
[TimeControl "180+2"]
[EndTime "13:37:13 PDT"]
[Termination "MarcoRiehle won on time"]

1. e4 e5 2. Nf3 Nf6 3. Nxe5 Nxe4 4. Nc3 Qe7 5. Nxe4 Qxe5 6. Qe2 d5 7. Nc3 Qxe2+ 8.
Bxe2 c6 9. d4 Bd6 10. Be3 O-O 11.
O-O-O f5 12. g3 f4 13. Bd2 Bh3 14. Bd3 Nd7 15. Ne2 Bg4 16. Rde1 fxg3 17. hxg3 g6 0-1

[Event "*** Titled Tuesday Blitz"]
[Site "Chess.com"]
[Date "2019.07.02"]
[Round "3"]
[White "julinha97"]
[Black "kasparicy"]
[Result "1-0"]
[WhiteElo "2228"]
[BlackElo "2327"]
[TimeControl "180+2"]
[EndTime "13:37:18 PDT"]
[Termination "julinha97 won by resignation"]

1. e4 c5 2. Nf3 d6 3. d4 cxd4 4. Nxd4 Nf6 5. Nc3 a6 6. Be3 e6 7.
g4 h6 8. h4 b5 9. a3 Bb7 10. Bg2 Nfd7 11. Qe2 Qc7 12. O-O-O Ne5 13. Nd5 exd5 14. exd5 Be7 15. f4 Nc4 16. Nf5 g6 17.
Bd4 gxf5 18. Bxh8 Nd7 19. gxf5 O-O-O 20. Qxe7 Rxh8 21. Qxf7 Rf8 22. Qe6 Ne3 23. Qxe3 Kb8 24.
Be4 Nf6 25. Qd4 Bc8 26. Bd3 Nd7 27. Rhg1 Nc5 28. Rg7 Rf7 29. Rxf7 Qxf7 30. f6 Qc7 31. Kb1 Bg4 32. Rg1 h5 33. Re1 1-0

[Event "*** Titled Tuesday Blitz"]
[Site "Chess.com"]
[Date "2019.07.02"]
[Round "3"]
[White "BAS8892"]
[Black "TheCavemanChesss"]
[Result "0-1"]
[WhiteElo "2604"]
[BlackElo "2424"]
[TimeControl "180+2"]
[EndTime "13:37:20 PDT"]
[Termination "TheCavemanChesss won by resignation"]

1. d4 d5 2. c4 dxc4 3. e4 b5 4. a4 c6 5. b3 e5 6. Nf3 Nf6 7. axb5 Nxe4 8. Bxc4 Bb4+ 9. Nbd2 Nc3 10.
Qc2 cxb5 11. Bxf7+ Kxf7 12. Nxe5+ Kg8 13. O-O Bb7 14. Re1 Qd5 15. Ndf3 Nc6 16. Nd3 Nxd4 17. Nxb4 Nxf3+ 18. Kh1 Nxe1 19. Nxd5 Nxc2 20. Nxc3 Nxa1 21. f3 Nxb3 0-1

[Event "*** Titled Tuesday Blitz"]
[Site "Chess.com"]
[Date "2019.07.02"]
[Round "3"]
[White "dolynachess"]
[Black "larso"]
[Result "0-1"]
[WhiteElo "2454"]
[BlackElo "2792"]
[TimeControl "180+2"]
[EndTime "13:37:22 PDT"]
[Termination "larso won by resignation"]

1. d4 e6 2. g3 f5 3. Bg2 Nf6 4. Nf3 g6 5. O-O Bg7 6. c4 O-O 7. Nc3 d6 8. Qd3 Nc6 9. a3 e5 10. dxe5 dxe5 11. Qxd8 Rxd8 12. Bg5 e4 13. Ne1 Be6 14.
Nd5 Bxd5 15. cxd5 Rxd5 16. Nc2 h6 17. Bf4 g5 18. Bxc7 Rc8 19. Ne3 Rxc7 20. Nxd5 Nxd5 21.
Rad1 Nb6 22. g4 fxg4 23. Bxe4 Nd4 24. e3 Nf3+ 25. Kg2 Nh4+ 26. Kg3 h5 27. Rd8+ Kf7 28. b3 Be5+ 29. f4 gxf3+ 30. Kh3 Rc3 31. Rd3 Rxd3 32. Bxd3 Ke6 33. Be4 Nd5 34. Rg1 Bf6 35. Kg3 Nxe3 36. Bxf3 Nef5+ 0-1

[Event "*** Titled Tuesday Blitz"]
[Site "Chess.com"]
[Date "2019.07.02"]
[Round "3"]
[White "Mykola-Bortnyk"]
[Black "Ceejay271"]
[Result "1-0"]
[WhiteElo "2916"]
[BlackElo "2178"]
[TimeControl "180+2"]
[EndTime "13:37:28 PDT"]
[Termination "Mykola-Bortnyk won by resignation"]

1. e4 e5 2. Nf3 Nf6 3. Nxe5 d6 4. Nxf7 Kxf7 5. d4 c5 6. Nc3 cxd4 7. Bc4+ Be6 8. Bxe6+ Kxe6 9. Qxd4 Nc6 10. Qc4+ Kd7 11. Bf4 Qa5 12. O-O-O Ne5 13. Qb3 Kc6 14. Rd4 b5 15. Rhd1 Re8 16. a4 a6 17. Rb4 Rb8 18. Nd5 Nxd5 19. Qxd5+ Kc7 20. c3 Be7 21. Bxe5 dxe5 22.
Qxe5+ Kb6 23. Qxe7 Rhc8 24. Rd6+ Rc6 25. Rbd4 Rc8 26. Qd7 1-0

[Event "*** Titled Tuesday Blitz"]
[Site "Chess.com"]
[Date "2019.07.02"]
[Round "3"]
[White "TregubovP"]
[Black "RichardLeyvaP"]
[Result "0-1"]
[WhiteElo "2509"]
[BlackElo "2427"]
[TimeControl "180+2"]
[EndTime "13:37:32 PDT"]
[Termination "RichardLeyvaP won by resignation"]

1. e4 e5 2. Nf3 Nc6 3. Bb5 a6 4. Ba4 Nf6 5. d4 exd4 6. e5 Ne4 7. Nxd4 Qh4 8. O-O Bc5 9. c3 Nxd4 10. cxd4 Nxf2 11. Rxf2 Bxd4 12. g3 Bxf2+ 13. Kxf2 Qxh2+ 14.
Kf3 O-O 15. Nc3 b5 16. Bb3 Bb7+ 17. Bd5 Qh5+ 18. g4 Qh3+ 19. Kf2 Bxd5 20. Qxd5 Qxg4 21.
Be3 Qf5+ 22. Kg3 Rae8 23. Bd4 c5 24. Qxc5 Re6 0-1

[Event "*** Titled Tuesday Blitz"]
[Site "Chess.com"]
[Date "2019.07.02"]
[Round "3"]
[White "Micki-taryan"]
[Black "nubair1198"]
[Result "1-0"]
[WhiteElo "2957"]
[BlackElo "2669"]
[TimeControl "180+2"]
[EndTime "13:37:36 PDT"]
[Termination "Micki-taryan won by resignation"]

1. Nf3 Nf6 2. g3 g6 3. Bg2 Bg7 4. d4 d5 5. O-O O-O 6. c3 Bf5 7. a4 a5 8. Nbd2 Nbd7 9. Nb3 Ne4 10. h3 c5 11. Nh4 Be6 12. Be3 Rc8 13. Kh2 c4 14.
Nd2 f5 15. Nhf3 Qb6 16. Rb1 h6 17. Nxe4 fxe4 18. Nd2 Qc7 19. b3 cxb3 20. Rxb3 Nb6 21. Rb5 Bd7 22. Rc5 Qb8 23. Qb3 Nxa4 24. Qxd5+ Kh7 25. Qxd7 Nxc5 26. dxc5 Rfd8 27. Qa4 Bxc3 28. Nxe4 Bb4 29. Qa1 Rc6 30. h4 Qc8 31. Bh3 Qc7 32.
Bf4 e5 33. Bxe5 Qe7 34. Nf6+ Rxf6 35. Bxf6 Qxe2 36. Bxd8 Bxc5 37. Qf6 1-0

[Event "*** Titled Tuesday Blitz"]
[Site "Chess.com"]
[Date "2019.07.02"]
[Round "3"]
[White "FairChess_on_YouTube"]
[Black "Airquake"]
[Result "1-0"]
[WhiteElo "3044"]
[BlackElo "2663"]
[TimeControl "180+2"]
[EndTime "13:37:38 PDT"]
[Termination "FairChess_on_YouTube won by resignation"]

1. Nf3 Nf6 2. c4 e6 3. g3 d5 4. d4 Be7 5. Bg2 O-O 6. O-O b6 7.
cxd5 exd5 8. Nc3 Bb7 9. Bf4 c5 10. Rc1 Qc8 11. Ne5 Rd8 12. Qa4 Nc6 13. e3 a6 14. dxc5 bxc5 15. Rfd1 Nxe5 16. Bxe5 d4 17.
Bxb7 Qxb7 18. exd4 Qxb2 19. d5 Qb4 20. d6 Bf8 21. Bxf6 gxf6 22. Qc6 Rac8 23. Qxa6 Ra8 24. Qc6 Rac8 25. Qf3 Rxd6 26. Rxd6 Bxd6 27. Ne4 Qb8 28. Nxd6 1-0

[Event "*** Titled Tuesday Blitz"]
[Site "Chess.com"]
[Date "2019.07.02"]
[Round "3"]
[White "guillembaches"]
[Black "sergeikim"]
[Result "1/2-1/2"]
[WhiteElo "2325"]
[BlackElo "2482"]
[TimeControl "180+2"]
[EndTime "13:37:45 PDT"]
[Termination "Game drawn by repetition"]

1. e4 e5 2. Nf3 Nc6 3. Nc3 Nf6 4. d4 exd4 5. Nxd4 Bb4 6. Nxc6 bxc6 7. Bd3 d5 8. Bd2 O-O 9. O-O Bxc3 10. Bxc3 Nxe4 11. Bxe4 dxe4 12. Qe2 Bf5 13. Rad1 Qg5 14. Qe3 Qxe3 15. fxe3 Be6 16. Rd4 f5 17. Rfd1 Rab8 18. g3 Rb5 19.
Kf2 Rd5 20. b3 Rfd8 21. Bb2 Kf7 22. c4 Rxd4 23. Rxd4 Rb8 24. Ba3 a5 25. Bc5 g5 26. Rd2 a4 27. b4 Bxc4 28. Rd7+ Ke6 29. Re7+ Kf6 30. Rxc7 Bxa2 31. Rxc6+ Kf7 32. Ra6 Bb3 33.
h4 gxh4 34. gxh4 Rd8 35. Bd4 Rc8 36. Bc5 Rd8 37. Bd4 Rc8 38. Bc5 Rd8 1/2-1/2

[Event "*** Titled Tuesday Blitz"]
[Site "Chess.com"]
[Date "2019.07.02"]
[Round "3"]
[White "FedaMaster"]
[Black "JonahWillow"]
[Result "0-1"]
[WhiteElo "2501"]
[BlackElo "2702"]
[TimeControl "180+2"]
[EndTime "13:37:46 PDT"]
[Termination "JonahWillow won by resignation"]

1. e4 c5 2. Nf3 e6 3. d4 cxd4 4. c3 d5 5. exd5 Qxd5 6. cxd4 Nf6 7. Nc3 Bb4 8. Be2 Bd7 9. O-O Bxc3 10. bxc3 O-O 11. c4 Qa5 12. Qb3 Qc7 13. Rb1 b6 14. Ne5 Nc6 15. Nxd7 Qxd7 16. Bd1 Nxd4 17. Qg3 Rac8 18.
Qd3 Rfd8 19. Kh1 Qc6 20. Bb3 Nxb3 21. Qxb3 Qxc4 22. Bg5 Qxb3 23. Rxb3 Rc2 24. Ra3 Rxf2 25. Kg1 Rxf1+ 26. Kxf1 Rd7 27. Bxf6 gxf6 28. Ke2 Kg7 29. Rg3+ Kf8 30. Rh3 Kg7 31. Rg3+ Kh8 32. Rc3 f5 33. Ke3 Kg7 34. Rc4 Kf6 35. Rh4 Kg6 36. Rh3 e5 37. Rg3+ Kf6 38. Rh3 f4+ 39. Ke4 Rd4+ 40. Kf3 Rd3+ 0-1

[Event "*** Titled Tuesday Blitz"]
[Site "Chess.com"]
[Date "2019.07.02"]
[Round "3"]
[White "ozates"]
[Black "bluejay1897"]
[Result "1-0"]
[WhiteElo "2313"]
[BlackElo "2254"]
[TimeControl "180+2"]
[EndTime "13:37:51 PDT"]
[Termination "ozates won by resignation"]

1. e4 c5 2. Nf3 e6 3. d4 cxd4 4. Nxd4 Nc6 5. Nc3 Qc7 6. Be3 a6 7. Qf3 Ba3 8. Nxc6 Bxb2 9. Bd4 f6 10. Nd5 exd5 11. Bxb2 bxc6 12. exd5 Qa5+ 13. Bc3 Qxd5 14. Qxd5 cxd5 15. g3 Bb7 16. Bg2 Rc8 17. Rb1 Rxc3 18. Rxb7 Rxc2 19. O-O Ne7 20. Re1 Kd8 21. Rb8+ Rc8 22.
Rb7 Re8 23. Bh3 f5 24. Re5 g6 25. Bf1 Rc6 26. a4 Kc8 27. Ra7 Kb8 28. Rxd7 Rc7 29.
Rd6 Rec8 30. Rxa6 Nc6 31. Rxd5 Nb4 32. Rb6+ Rb7 33. Rxb7+ Kxb7 34. Rb5+ 1-0

[Event "*** Titled Tuesday Blitz"]
[Site "Chess.com"]
[Date "2019.07.02"]
[Round "3"]
[White "Vegan4future"]
[Black "alishersuleymenov"]
[Result "0-1"]
[WhiteElo "2399"]
[BlackElo "2604"]
[TimeControl "180+2"]
[EndTime "13:37:54 PDT"]
[Termination "alishersuleymenov won by checkmate"]

1. Nc3 Nf6 2. g4 Nxg4 3. e4 d6 4. Be2 Nf6 5. d4 Nbd7 6. Nf3 e5 7. Be3 exd4 8. Nxd4 g6 9. Qd2 Bg7 10. O-O-O O-O 11.
f4 Nc5 12. Bf3 Qe7 13. Qg2 Re8 14. Rhe1 Be6 15. e5 dxe5 16. fxe5 Nfd7 17. Bg5 Qf8 18. Qg3 h6 19. Bf4 g5 20. Bd2 f5 21. exf6 Qxf6 22.
Nxe6 Nxe6 23. Bxb7 Rad8 24. Bd5 Kh8 25. Bxe6 Rxe6 26.
Rxe6 Qxe6 27. Qxc7 Rf8 28. Qxa7 Ne5 29. Qe3 Qa6 30.
Kb1 Nc4 31. Qc5 Rb8 32. b3 Nxd2+ 33. Rxd2 Rc8 34. Qb5 Qf6 35. Rd3 Qf1+ 36. Nd1 Qg2 37. Ne3 Qg1+ 38. Nd1 Qxh2 39. a4 Qxc2# 0-1